 Seeded DCSS version 0.28-a0-1184-g53156a8862 (webtiles) character file.

Game seed: 5072846112075644457 (custom seed)

51 flotson the Ducker (level 3, -1/28 HPs)
             Began as a Demonspawn Gladiator on Dec 17, 2021.
             Slain by Jessica (2 damage)
             ... on level 2 of the Dungeon.
             The game lasted 00:01:50 (1334 turns).

flotson the Ducker (Demonspawn Gladiator)           Turns: 1334, Time: 00:01:53

Health: -1/28      AC:  4    Str: 16    XL:     3   Next: 58%
Magic:  3/3        EV: 12    Int:  9    God:
Gold:   58         SH:  0    Dex: 14    Spells: 2/2 levels left

rFire   . . .      SeeInvis .   a - +1 whip (elec)
rCold   . . .      Faith    .   (no shield)
rNeg    . . .      Spirit   .   b - +0 leather armour
rPois   .          Reflect  .   c - +0 helmet
rElec   .          Harm     .   (no cloak)
rCorr   .          Rampage  .   (no gloves)
Will    .....                   (no boots)
Stlth   +.........              (no amulet)
HPRegen 0.09/turn               (no ring)
MPRegen 0.08/turn               (no ring)

@: no status effects
A: condensation shield
a: no special abilities


You were on level 2 of the Dungeon.
You visited 1 branch of the dungeon, and saw 2 of its levels.

You collected 58 gold pieces.

Inventory:

Hand Weapons
 a - a +1 whip of electrocution (weapon)
Missiles
 d - a throwing net (quivered)
Armour
 b - a +0 leather armour (worn)
 c - a +0 helmet (worn)
Scrolls
 e - a scroll of acquirement {unknown}
 f - a scroll of amnesia {unknown}
 h - a scroll of fog {unknown}
 i - a scroll of magic mapping {unknown}
Potions
 g - a potion of magic {unknown}


   Skills:
 + Level 2.6 Fighting
 - Level 2.6 Axes
 + Level 2.3 Throwing
 + Level 1.2 Armour
 + Level 3.1 Dodging


You had 2 spell levels left.
You didn't know any spells.
Your spell library was empty.

Dungeon Overview and Level Annotations

Branches:
Dungeon (2/15)

Altars:
Zin

Annotations:
D:2 Jessica


Innate Abilities, Weirdness & Mutations

A meltable shield of frost defends you. (SH +0)


Message History

You throw a throwing net. The throwing net hits Jessica.
Jessica is caught in the net!
Jessica is moderately wounded.
Jessica struggles against the net.
You hit Jessica but do no damage.
Jessica is moderately wounded.
Jessica gestures wildly while chanting.
Jessica blinks!
The rat closely misses you. The rat bites you.
You see here 22 stones.
The rat bites you.
You hit the rat.
The rat is severely wounded.
The rat misses you.
You hit the rat.
You kill the rat!
Unknown command.
You barely miss the frilled lizard. The frilled lizard barely misses you.
You hit the frilled lizard.
Lightning courses through the frilled lizard!
You kill the frilled lizard!
You closely miss Jessica.
Jessica is moderately wounded.
Jessica hits you with a +0 dagger. Jessica closely misses you.
You closely miss Jessica.
Jessica is moderately wounded.
Jessica closely misses you.
Jessica shouts, "Stop bothering me, or I'll kill you!"
Jessica hits you but does no damage.
You barely miss Jessica.
Jessica is moderately wounded.
Jessica barely misses you.
You hit Jessica.
Jessica is moderately wounded.
Jessica grins evilly.
Jessica casts a spell at you. Pain shoots through your body!
* * * LOW HITPOINT WARNING * * *
Jessica hits you with a +0 dagger.
You die...

#...#.........#
##............####
..........##.....#
..........######.#####
.....#....# #.....##
..####.##.. #####..#
.## #.# ... ##...#
..## # #. #####..###
.....# ##.#.##l@@..##
..######.......#####
### #........##
..........#
.....>..l(##
...........#
..........l#
.........(@#
#........#..


You could see Jessica (fast) and a frilled lizard.

Vanquished Creatures
  A dart slug (D:1)
  6 ball pythons (D:1)
  3 endoplasms (D:1)
  4 giant cockroaches
  5 goblins
  4 hobgoblins
  A quokka (D:2)
  9 bats
  2 frilled lizards
  3 kobolds (D:1)
  5 rats
43 creatures vanquished.

Notes
Turn   | Place    | Note
-------+----------+-------------------------------------------
     0 | D:1      | flotson the Demonspawn Gladiator began the quest for the
                  | Orb.
     0 | D:1      | Reached XP level 1. HP: 16/16 MP: 1/1
    83 | D:1      | Gained mutation: A meltable shield of frost defends you.
                  | (SH +0) [demonic ancestry]
    83 | D:1      | Reached XP level 2. HP: 6/22 MP: 2/2
   547 | D:1      | Reached skill level 1 in Armour
   610 | D:1      | Reached skill level 3 in Dodging
   667 | D:1      | Reached XP level 3. HP: 28/28 MP: 3/3
  1304 | D:2      | Noticed Jessica
  1334 | D:2      | HP: 1/28 [Jessica/nerve-wracking pain (10)]
  1334 | D:2      | Slain by Jessica

Illustrated notes

Levels and vault maps discovered:
D:1:      psy_arrival_whirlpool, layout_basic, amethyst_killhole,
          hangedman_abyss_or_decor_lesser_grid
D:2:      layout_rooms, basic_altar, uniq_jessica

Skill      XL: |  1  2 |
---------------+-------+-----
Throwing       | 2 |  2.3
Armour         | 1 |  1.2
Dodging        | 3 |  3.1
Fighting       | |  2.6
Axes           | |  2.6

Action                   || total
-------------------------++-------
Melee: War axe           ||    49
       Whip              ||    68
Throw: Throwing net      ||     2
Armor: Leather armour    ||    46
Dodge: Dodged            ||   109
Block: Other             ||    28

Table legend: (Time is in decaauts)
 A = Elapsed time spent in this place.
 B = Non-inter-level travel time spent in this place.
 C = Inter-level travel time spent in this place.
 D = Time resting spent in this place.
 E = Time spent auto-exploring this place.
 F = Levels seen in this place.
 G = Mean time per level.
                   A        B        C        D        E       F      G
               +--------+--------+--------+--------+--------+-----+--------+
         Total |   1354 |   1347 |      7 |    176 |    907 |   2 |  677.0 |
       Dungeon |   1354 |   1347 |      7 |    176 |    907 |   2 |  677.0 |
               +--------+--------+--------+--------+--------+-----+--------+

Top non-repeatable levels by time:
     D:1: 1062 daAuts
     D:2: 292 daAuts
